 Dungeon Crawl Stone Soup version 0.30.0-16-gbe6223bb7e (webtiles) character file.

Game seed: 11810052910774111696

483 NateTC the Poker (level 7, 0/56 HPs)
             Began as a Formicid Fighter on May 20, 2023.
             Succumbed to a scorpion's poison
             ... on level 5 of the Dungeon.
             The game lasted 00:07:35 (4621 turns).

NateTC the Poker (Formicid Fighter)                 Turns: 4621, Time: 00:07:36

Health: 0/56       AC:  9    Str: 22    XL:     7   Next: 34%
Magic:  7/7        EV:  8    Int:  8    God:
Gold:   303        SH:  6    Dex: 13    Spells: 6/6 levels left

rFire   . . .        a - +0 trident
rCold   . . .        c - +1 buckler
rNeg    . . .        e - +0 chain mail
rPois   .            (helmet unavailable)
rElec   .            (no cloak)
rCorr   .            (no gloves)
SInv    +            (no boots)
Will    .....        (no amulet) Stlth
                     (no ring)
HPRegen 0.29/turn    (no ring)
MPRegen 0.10/turn

%: no passive effects
@: lethally poisoned (0 -> -16)
A: permanent stasis, dig shafts and tunnels, antennae 3, four strong arms
a: Dig, Shaft Self


You were on level 5 of the Dungeon.
You visited 1 branch of the dungeon, and saw 5 of its levels.

You collected 303 gold pieces.

Inventory:

Hand Weapons
 a - a +0 trident (weapon)
Armour
 c - a +1 buckler (worn)
 e - a +0 chain mail (worn)
 k - the +1 robe "Cyngyco" {Str+8}
   (You found it on level 3 of the Dungeon)

   Str:       It affects your strength (+8).
Potions
 b - a potion of haste {unknown}
 d - 2 potions of attraction
 f - a potion of curing {unknown}
 g - 3 potions of ambrosia
 h - 2 potions of brilliance
 i - a potion of mutation
 j - 2 potions of heal wounds {unknown}
 l - a potion of flight
 m - a potion of might


   Skills:
 - Level 5.0 Fighting
 * Level 5.8 Polearms
 + Level 4.0 Armour
 - Level 5.0 Shields


You had 6 spell levels left.
You didn't know any spells.
Your spell library was empty.

Dungeon Overview and Level Annotations

Branches:
Dungeon (5/15) Zot: 25318  Temple (0/1) D:5

Altars:
Cheibriados
Kikubaaqudgha
Nemelex Xobeh
Qazlal
Sif Muna

Shops:
D:1 =   D:2 =   D:4 [


Innate Abilities, Weirdness & Mutations

You cannot be hasted, slowed, berserked, paralysed or teleported.
You can dig through walls and to a lower floor.
You have a pair of large antennae on your head. (SInv)
Your four strong arms can wield two-handed weapons with a shield.


Message History

The scorpion is lightly wounded.
You feel very sick. The scorpion barely misses you.
You puncture the scorpion!
The scorpion is heavily wounded.
You are no longer corroded.
You feel sick. You block the scorpion's attack.
You barely miss the scorpion.
The scorpion is heavily wounded.
You feel very sick. The scorpion stings you.
* * * LOW HITPOINT WARNING * * *
You are lethally poisoned!
The scorpion poisons you!
The scorpion stings you but does no damage.
You hit the scorpion but do no damage.
The scorpion is heavily wounded.
* * * LOW HITPOINT WARNING * * *
You feel very sick. You block the scorpion's attack.
You are confused.
You feel invigorated.
* * * LOW HITPOINT WARNING * * *
You feel very sick.
The scorpion stings you but does no damage.
You bump into the rock wall.
* * * LOW HITPOINT WARNING * * *
You feel very sick. The scorpion stings you.
* * * LOW HITPOINT WARNING * * *
You are more poisoned.
The scorpion poisons you!
You bump into the rock wall.
You feel less invigorated.
You feel less confused.
* * * LOW HITPOINT WARNING * * *
You feel very sick. The scorpion barely misses you.
You block the scorpion's attack.
You puncture the scorpion!
You kill the scorpion!
You die...

#...♣..##.#.##.# #
##....###.#.##.####
#....# #..........
#..#.#####.##.####
#.................
#.##.#####..###...
#######.##.........
+...
.................##
#..^
.......@##.....<.#
#### #..##..†#
....... # ........)
.### # .8.8....## #
# ⌠.⌠.....# #
.>.8....# #
⌠.⌠.....# .
.8.8.....


There were no monsters in sight!

Vanquished Creatures
  Eustachio (D:4)
  A scorpion (D:5)
  A hound (D:4)
  A jelly (D:5)
  Terence (D:3)
  An iguana (D:4)
  An orc wizard (D:4)
  Robin (D:2)
  4 adders
  3 worms
  5 dart slugs
  12 orcs
  2 bat zombies (D:3)
  10 endoplasms
  7 giant cockroaches
  16 goblins
  7 hobgoblins
  8 jackals
  10 kobolds
  5 quokkas
  10 ball pythons
  5 bats (D:1)
  6 frilled lizards
  8 rats
  A rat zombie (D:3)
127 creatures vanquished.

Notes
Turn   | Place    | Note
-------+----------+-------------------------------------------
     0 | D:1      | NateTC the Formicid Fighter began the quest for the Orb.
     0 | D:1      | Reached XP level 1. HP: 18/18 MP: 1/1
    84 | D:1      | Reached XP level 2. HP: 24/24 MP: 2/2
   138 | D:1      | Found Topp's Jewellery Shop.
   196 | D:1      | Reached XP level 3. HP: 20/29 MP: 3/3
  1417 | D:2      | Reached XP level 4. HP: 33/35 MP: 4/4
  1761 | D:2      | Found a stormy altar of Qazlal.
  2047 | D:2      | Reached XP level 5. HP: 37/41 MP: 5/5
  2212 | D:2      | Noticed Robin
  2225 | D:2      | You fall into a shaft and drop 1 floor!
  2330 | D:3      | Identified the +1 robe "Cyngyco" {Str+8}
  2443 | D:3      | Found a sparkling altar of Nemelex Xobeh.
  2512 | D:3      | Noticed Terence
  2518 | D:3      | Killed Terence
  2747 | D:3      | Found a snail-covered altar of Cheibriados.
  3011 | D:3      | Found an ancient bone altar of Kikubaaqudgha.
  3189 | D:2      | Killed Robin
  3190 | D:2      | Reached XP level 6. HP: 46/49 MP: 6/6
  3358 | D:2      | Found Vogil's One-of-a-Kind Rings.
  3731 | D:4      | Reached skill level 5 in Fighting
  3841 | D:4      | Reached skill level 5 in Polearms
  3843 | D:4      | Found a shimmering blue altar of Sif Muna.
  3909 | D:4      | Found Ixzemp's Antique Armour Boutique.
  4150 | D:4      | Noticed Eustachio
  4179 | D:4      | Killed Eustachio
  4180 | D:4      | Reached skill level 5 in Shields
  4180 | D:4      | Reached XP level 7. HP: 15/56 MP: 7/7
  4519 | D:5      | Entered Level 5 of the Dungeon
  4598 | D:5      | Found a staircase to the Ecumenical Temple.
  4621 | D:5      | Succumbed to a scorpion's poison

Illustrated notes

Levels and vault maps discovered:
D:1:      saegor_arrival_simple_b, layout_loops_ring, serial_shops, shop,
          minmay_crystal_water
D:2:      minmay_razor_zed, layout_loops_corners, basic_altar,
          nicolae_shop_unique_rings, minmay_misc_feat_room,
          minmay_split_cup_small, uniq_robin
D:3:      layout_loops_ring, nemelex_dance_club_becter,
          lemuel_zombie_altar_kikubaaqudgha, kennysheep_slug_shrine,
          uniq_terence
D:4:      layout_rooms, tgw_sif, serial_shops, nicolae_shop_rolling_square,
          nicolae_kite_square_tiling_tiny, uniq_eustachio
D:5:      layout_basic, mainiacjoe_overflow_paths,
          minmay_temple_entry_statues_fountains, gammafunk_ghost_mausoleum,
          serial_park_tiny_1

Skill      XL: |  1  2  3  4  5  6  7 |
---------------+----------------------+-----
Polearms       | 3 4 5 |  5.8
Fighting       | 4 5 |  5.0
Shields        | 5 |  5.0
Armour         | 4 |  4.0

Action                     |  1- 3 |  4- 6 |  7- 9 || total
---------------------------+-------+-------+-------++-------
  Melee: Trident           |   125 |   276 |    36 ||   437
Ability: Shaft Self        |       |     1 |       ||     1
    Use: Scroll            |     4 |     6 |       ||    10
         Potion            |       |     2 |     1 ||     3
 Armour: Scale mail        |    46 |    26 |       ||    72
         Robe              |       |    13 |       ||    13
         Chain mail        |       |    82 |     9 ||    91
  Dodge: Dodged            |    53 |   114 |    17 ||   184
  Block: Buckler           |    34 |    75 |     9 ||   118
